 Dungeon Crawl Stone Soup version 0.31-a0-700-gf13585253f (webtiles) character file.

Game seed: 5330297367896020934

59 qw the Shooter (level 4, -3/28 HPs)
             Began as a Gargoyle Hunter on Sept 7, 2023.
             Killed from afar by Ijyb (4 damage)
             ... with a puff of flame
             ... on level 2 of the Dungeon.
             The game lasted 00:00:33 (1382 turns).

qw the Shooter (Gargoyle Hunter)                    Turns: 1382, Time: 00:00:33

Health: -3/28      AC:  6    Str: 14    XL:     4   Next: 3%
Magic:  4/4        EV: 11    Int: 10    God:
Gold:   40         SH:  0    Dex: 15    Spells: 3/3 levels left

rFire   . . .        Y - +0 shortbow
rCold   . . .        (shield currently unavailable)
rNeg    + . .        c - +0 leather armour
rPois   inf          (no helmet)
rElec   +            (no cloak)
rCorr   .            (no gloves)
SInv    .            (no boots)
Will    .....        e - amulet of the acrobat
Stlth   ++           (no ring)
HPRegen 0.24/turn    (no ring)
MPRegen 0.09/turn

%: acrobat
@: no status effects
A: sickness immunity, AC +3, negative energy resistance 1, electricity
resistance, torment resistance 1, petrification resistance
a: no special abilities


You were on level 2 of the Dungeon.
You visited 1 branch of the dungeon, and saw 3 of its levels.

You collected 40 gold pieces.


Innate Abilities, Weirdness & Mutations

You are immune to sickness and miasma.
Your stone body is resilient. (AC +3)
You are immune to poison.
You resist negative energy. (rN+)
You are resistant to electric shocks. (rElec)
You are resistant to unholy torment.
You are immune to petrification.


   Skills:
 - Level 3.0 Fighting
 + Level 5.1 Ranged Weapons
 - Level 1.5 Dodging
 - Level 1.1 Stealth


You had 3 spell levels left.
You didn't know any spells.
Your spell library was empty.

Inventory:

Hand Weapons
 Y - a +0 shortbow (weapon)
Armour
 c - a +0 leather armour (worn)
Jewellery
 e - an amulet of the acrobat (around neck)
Potions
 b - a potion of might {unknown}
 f - a potion of resistance {unknown}
 g - a potion of ambrosia {unknown}
 h - a potion of mutation {unknown}

Dungeon Overview and Level Annotations

Branches:
Dungeon (3/15)

Altars:

Annotations:
D:2 Ijyb


Message History

There is an entrance to a sewer on this level.
Hurry and find it before the portal rusts away!
Ijyb shouts!
There is a stone staircase leading up here.
Ijyb is nearby!
Waypoint 2 assigned to D:3.
1370 ||| PLANNING SEWER You shoot an arrow.
The arrow hits Ijyb!
Ijyb is moderately wounded.
Ijyb hits you but does no damage.
You shoot an arrow. The arrow barely misses Ijyb.
Ijyb zaps a wand.
The puff of flame hits you.
You shoot an arrow. The arrow barely misses Ijyb.
Ijyb zaps a wand.
The puff of flame hits you.
A quokka comes into view.
1373 ||| STAIRDANCE Ijyb closely misses you.
You climb upwards.
There is a stone staircase leading down here.
You shoot an arrow. The arrow closely misses Ijyb.
Ijyb zaps a wand.
The puff of flame misses you.
You shoot an arrow. The arrow barely misses Ijyb.
Ijyb hits you with a +5 dagger of venom.
You shoot an arrow. The arrow hits Ijyb but does no damage.
Ijyb is moderately wounded.
Ijyb hits you with a +5 dagger of venom.
You shoot an arrow. The arrow hits Ijyb but does no damage.
Ijyb is moderately wounded.
Ijyb hits you with a +5 dagger of venom!
You shoot an arrow. The arrow hits Ijyb but does no damage.
Ijyb is moderately wounded.
Ijyb zaps a wand.
The puff of flame hits you. Ijyb hits you but does no damage.
You shoot an arrow. The arrow hits Ijyb.
Ijyb is moderately wounded.
Ijyb screams, "No!
No, no, no, no!"
Ijyb hits you but does no damage.
You shoot an arrow. The arrow barely misses Ijyb.
Ijyb hits you with a +5 dagger of venom.
You shoot an arrow. The arrow barely misses Ijyb.
Ijyb zaps a wand.
The puff of flame hits you.
You die...

##...........# #.###..#
##....#####'## #.#...<#
##...)# #.# ####'#+#..#
##....# #.########
#.......... ##....#
#........# ##.)........
##....#
####.....###...........
.###..#
###....##............
...##.#
#......#..#..........
.#..###
#.#.@g...##..........
...#.##
#.#............######
.#..#.##
#.#...############
%......#
#.#..............#
.#.#.#.##
#.#...##########.#
#.......#
#.#..#...........#
..#....##
#.#..#.###########
...#...# #.#..#.#
....#..# #.####.#


You could see Ijyb.

Vanquished Creatures
  An adder (D:2)
  3 dart slugs
  5 endoplasms
  5 giant cockroaches
  7 goblins
  A hobgoblin (D:2)
  2 jackals (D:1)
  3 ball pythons (D:1)
  2 bats
  7 kobolds
  3 rats
39 creatures vanquished.

Vanquished Creatures (others)
  2 endoplasms (D:1)
2 creatures vanquished.

Grand Total: 41 creatures vanquished

Notes
Turn   | Place    | Note
-------+----------+-------------------------------------------
     0 | D:1      | qw the Gargoyle Hunter began the quest for the Orb.
     0 | D:1      | Reached XP level 1. HP: 12/12 MP: 1/1
     0 | D:1      | 0 ||| qw: Version: 0.3-a-76-g4403597
     0 | D:1      | 0 ||| qw: Game counter: 482
     0 | D:1      | 0 ||| qw: Melee chars always use a shield: true
     0 | D:1      | 0 ||| qw: God list: Okawaru
     0 | D:1      | 0 ||| qw: Allow faded altars: false
     0 | D:1      | 0 ||| qw: Do Orc after clearing Dungeon:15 true
     0 | D:1      | 0 ||| qw: Do second Lair branch before Depths: true
     0 | D:1      | 0 ||| qw: Lair rune preference: random
     0 | D:1      | 0 ||| qw: Goals: Normal
     0 | D:1      | 0 ||| PLANNING D:1-11
    52 | D:1      | Reached XP level 2. HP: 15/17 MP: 2/2
   305 | D:1      | Reached XP level 3. HP: 19/21 MP: 3/3
   359 | D:1      | Reached skill level 5 in Ranged Weapons
   717 | D:1      | 717 ||| UPGRADING to amulet of the acrobat.
   722 | D:1      | 722 ||| READING scroll labelled UMAMOU PYSUPH.
   723 | D:1      | 723 ||| READING scroll labelled ATOKHL AGUITS.
   724 | D:1      | 724 ||| DROPPING scroll of butterflies.
   843 | D:2      | Reached skill level 3 in Fighting
  1032 | D:2      | Found a faded altar of an unknown god.
  1064 | D:2      | Reached XP level 4. HP: 28/28 MP: 4/4
  1341 | D:2      | 1341 ||| READING scroll labelled FOUXTU ODUJAUH.
  1344 | D:2      | 1344 ||| READING scroll labelled VEVEDACINO.
  1369 | D:3      | Noticed Ijyb
  1370 | D:3      | 1370 ||| PLANNING SEWER
  1373 | D:3      | 1373 ||| STAIRDANCE
  1378 | D:2      | HP: 7/28 [Ijyb/+5 dagger of venom (8)]
  1379 | D:2      | HP: 2/28 [Ijyb/puff of flame (5)]
  1382 | D:2      | Killed from afar by Ijyb

Levels and vault maps discovered:
D:1:      dpeg_arrival_solitude, layout_basic, minmay_gold_behind_fungi,
          lemuel_flame_loot_1
D:2:      layout_basic, dreamdust_ecumenical_altar_hidden_monk_grotto,
          hangedman_decor_opposing
D:3:      layout_basic, zin_statuary, gup_sewer_entry_spiral, uniq_ijyb

Skill      XL: |  1  2  3 |
---------------+----------+-----
Ranged Weapons | 5 |  5.1
Fighting       | 3 |  3.0
Dodging        | |  1.5
Stealth        | |  1.1

Action                     |  1- 3 |  4- 6 || total
---------------------------+-------+-------++-------
   Fire: Shortbow          |   120 |    13 ||   133
    Use: Scroll            |     2 |     2 ||     4
 Armour: Leather armour    |    26 |    11 ||    37
  Dodge: Dodged            |    22 |     3 ||    25

Table legend:
 A = Non-vault XP
 B = Vault XP
 C = Vault XP percentage of total XP
 D = Non-vault monster count
 E = Vault monster count
 F = Vault count percentage of total count
                 A         B        C        D         E       F
            +---------+---------+-------+---------+---------+-------
      Total |      85 |       0 |   0.0 |      41 |       0 |   0.0
            +---------+---------+-------+---------+---------+-------
        D:1 |      53 |       0 |   0.0 |      29 |       0 |   0.0
        D:2 |      32 |       0 |   0.0 |      12 |       0 |   0.0
            +---------+---------+-------+---------+---------+-------
